Map: Torri del crepuscolo

Players

Jhyrachy

  • Race: Zerg Zerg
  • League: Silver

DarkForce - Winner!

  • Race: Protoss Protoss
  • League: Silver

VOD

Have the link to the VOD?

Description

Time

  • Played on: April 4, 2016, 2:51 p.m.
  • Length: 18:39
Show
View Real Time Build Order
Export as new Build Order

Jhyrachy Zerg 

Build Orders: Hatch First, Lurkers 

Get SALT Encoding   

  12  0:01  Drone  
  13  0:09  Drone  
  14  0:17  Overlord  
  15  0:35  Drone x2  
  15  0:36  Drone  
  17  0:56  Drone  
  18  0:58  Hatchery  
  18  0:59  Extractor  
  18  1:01  Drone  
  17  1:19  Spawning Pool  
  16  1:26  Drone x2  
  18  1:33  Drone  
  19  1:49  Drone  
  20  2:05  Hatchery  
  20  2:06  Queen  
  21  2:11  Queen  
  23  2:18  Zergling x2  
  23  2:20  Drone  
  23  2:21  Drone  
  26  2:40  Drone  
  26  2:41  Drone  
  26  2:42  Overlord  
  28  3:14  Lair  
  28  3:19  Extractor, Queen  
  29  3:25  Spore Crawler  
  28  3:30  Drone x8  
  36  3:53  Spore Crawler  
  36  3:54  Queen  
  37  4:29  Hydralisk Den  
  36  4:46  Overlord x2  
  36  4:53  Overlord x2  
  36  4:54  Overlord x2  
  36  5:16  Hydralisk  
  36  5:17  Hydralisk x8  
  54  5:23  Drone x3, Extractor  
  54  5:25  Drone x5  
  61  6:01  Muscular Augments  
  61  6:17  Overlord x3  
  61  6:18  Overlord  
  61  6:21  Drone x4  
  65  6:27  Evolution Chamber  
  64  6:46  Hydralisk  
  64  6:47  Hydralisk x8  
  82  7:09  Drone x3, Extractor  
  84  7:16  Overseer  
  84  7:59  Lurker Den  
  84  8:17  Hydralisk  
  84  8:18  Hydralisk x12  
  65  9:03  Hydralisk  
  65  9:04  Hydralisk x7  
  63  9:19  Queen  
  65  9:28  Spine Crawler  
  65  9:30  Spine Crawler x2  
  58  9:31  Spine Crawler  
  56  9:38  Lurker x2  
  56  9:39  Lurker x2  
  50  10:00  Hydralisk x4  
  50  10:01  Hydralisk  
  60  10:13  Hydralisk x4  
  68  10:42  Hatchery  
  67  10:54  Lurker x4  
  71  11:22  Hatchery  
  70  11:35  Queen x2  
  70  11:39  Hydralisk  
  74  11:40  Hydralisk x7  
  74  11:42  Overlord x4  
  84  12:41  Hydralisk x10  
  84  12:42  Hydralisk x7  
  105  13:02  Overseer x3  
  101  14:05  Extractor, Lurker x4  
  104  14:10  Extractor  
  104  14:11  Pneumatized Carapace  
  104  14:14  Lurker x2  
  104  15:01  Lurker  
  105  15:16  Spawning Pool  
  104  15:32  Hydralisk  
  104  15:33  Hydralisk x11  
  119  17:45  Hydralisk  
  119  17:46  Hydralisk x4  
Show
View Real Time Build Order
Export as new Build Order

DarkForce Protoss - Winner!

Build Orders:  

Get SALT Encoding   

  12  0:01  Probe (Chrono Boost)  
  13  0:11  Probe (Chrono Boost)  
  14  0:23  Probe (Chrono Boost)  
  14  0:24  Pylon  
  15  0:42  Probe (Chrono Boost)  
  16  0:43  Gateway  
  16  0:50  Assimilator  
  16  0:52  Probe (Chrono Boost)  
  16  0:56  Assimilator  
  17  1:03  Probe (Chrono Boost)  
  18  1:14  Probe (Chrono Boost)  
  19  1:20  Gateway  
  19  1:24  Probe (Chrono Boost)  
  20  1:32  Pylon  
  20  1:35  Probe (Chrono Boost)  
  21  1:45  Probe (Chrono Boost)  
  22  1:56  Probe (Chrono Boost)  
  23  2:06  Probe (Chrono Boost)  
  24  2:12  Nexus  
  24  2:24  Cybernetics Core  
  24  2:30  Pylon  
  24  2:38  Pylon  
  24  2:39  Probe (Chrono Boost)  
  25  2:50  Probe (Chrono Boost)  
  25  3:00  Probe (Chrono Boost)  
  25  3:01  Warp Gate (Chrono Boost)  
  26  3:06  Stalker  
  26  3:12  Mothership Core  
  30  3:13  Pylon  
  30  3:24  Probe  
  30  3:25  Pylon  
  31  3:33  Probe  
  32  3:35  Stalker  
  32  3:40  Stalker  
  36  3:50  Probe  
  36  3:51  Twilight Council  
  36  3:52  Probe  
  38  4:04  Stalker  
  38  4:06  Probe  
  41  4:10  Stalker  
  41  4:12  Probe, Pylon  
  44  4:18  Probe  
  44  4:23  Probe  
  45  4:29  Assimilator x2  
  45  4:30  Blink (Chrono Boost), Probe  
  47  4:45  Gateway  
  47  4:55  Gateway  
  47  4:57  Gateway  
  47  5:00  Forge  
  47  5:05  Probe  
  47  5:06  Probe  
  49  5:15  Probe  
  49  5:18  Probe  
  49  5:20  Stalker x2  
  55  5:26  Probe  
  56  5:30  Probe  
  56  5:33  Protoss Ground Weapons Level 1 (Chrono Boost)  
  59  5:40  Probe  
  59  5:42  Probe  
  59  5:51  Stalker x4  
  59  5:54  Pylon  
  67  5:58  Pylon  
  67  6:06  Stalker  
  69  6:15  Probe  
  70  6:18  Stalker x3  
  70  6:24  Charge  
  76  6:26  Pylon  
  76  6:27  Pylon  
  76  6:34  Zealot x2  
  80  6:45  Zealot x2  
  84  6:47  Zealot  
  86  6:56  Zealot x2  
  90  7:10  Stalker x2  
  90  7:11  Stalker  
  96  7:19  Protoss Ground Armor Level 1 (Chrono Boost)  
  96  7:23  Gateway  
  96  7:26  Gateway  
  96  7:30  Zealot x2  
  100  7:38  Stalker  
  100  7:39  Stalker x2  
  106  7:53  Pylon  
  106  7:54  Pylon  
  106  7:57  Zealot x2, Pylon  
  110  8:18  Zealot x3  
  110  8:19  Zealot x2  
  120  8:26  Stalker x2  
  80  9:05  Zealot x3  
  80  9:06  Zealot x2  
  76  9:24  Stalker x2  
  76  9:27  Stalker  
  76  9:28  Stalker x2  
  76  9:29  Stalker x2  
  90  9:56  Stalker x2  
  90  9:57  Stalker  
  90  9:59  Stalker x4  
  76  10:25  Stalker x4  
  76  10:26  Robotics Facility, Stalker x3  
  90  10:41  Protoss Ground Weapons Level 2 (Chrono Boost)  
  90  10:43  Nexus  
  90  10:47  Pylon  
  90  11:02  Zealot x2  
  90  11:03  Zealot  
  96  11:10  Pylon  
  96  11:14  Observer (Chrono Boost)  
  96  11:17  Zealot  
  99  11:23  Photon Cannon  
  99  11:34  Zealot x2  
  99  11:35  Zealot, Observer (Chrono Boost)  
  99  11:36  Zealot  
  108  11:46  Probe  
  109  11:53  Observer (Chrono Boost)  
  110  11:57  Stalker  
  110  12:00  Stalker  
  114  12:11  Warp Prism (Chrono Boost)  
  116  12:23  Stalker x4  
  70  13:08  Zealot x6  
  70  13:09  Zealot  
  70  13:12  Immortal (Chrono Boost)  
  88  13:32  Zealot x2  
  88  13:33  Zealot x4  
  90  13:54  Observer (Chrono Boost)  
  91  14:09  Zealot x2  
  95  14:10  Zealot x5  
  95  14:13  Observer (Chrono Boost)  
  92  14:40  Zealot x5  
  92  14:41  Zealot x2  
  98  15:01  Immortal (Chrono Boost)  
  102  15:07  Protoss Ground Weapons Level 3  
  102  15:28  Templar Archives  
  102  15:41  Assimilator  
  102  15:42  Assimilator  
  102  15:50  Nexus  
  102  15:53  Zealot x3  
  102  15:54  Assimilator, Zealot x2  
  112  15:59  Assimilator  
  112  16:02  Pylon  
  112  16:04  Pylon  
  112  16:06  Pylon  
  98  16:19  High Templar x5  
  98  16:20  High Templar x2  
  112  16:28  Gateway  
  112  16:31  Gateway  
  111  16:47  Psionic Storm  
  111  16:51  Pylon  
  111  16:52  High Templar x3  
  111  16:53  High Templar x4, Pylon x2  
  125  17:11  Probe  
  125  17:12  Probe  
  127  17:20  Immortal  
  131  17:28  Zealot  
  131  17:29  Zealot x2  
  137  17:51  Zealot x3  
  137  17:52  Zealot x4  
  105  18:27  Zealot x6  
  91  18:28  Zealot  
  91  18:31  Archon x3  
Tags
 
Add a new tag
Caveats
  • Supply blocks, unpowered buildings, or Contaminate may cause inaccurate times.
  • Supply counts are checked every 10 seconds.